 Dungeon Crawl Stone Soup version 0.18-a0-1343-g48c8f86 (webtiles) character file.

932 M4edhros the Insei (level 7, 0/52 HPs)
             Began as a Mummy Monk on Feb 16, 2016.
             Slain by a black bear (9 damage)
             ... on level 6 of the Dungeon.
             The game lasted 00:15:35 (9389 turns).

M4edhros the Insei (Mummy Monk)                     Turns: 9389, Time: 00:15:35

Health: 0/52       AC:  2    Str: 15    XL:     7   Next: 86%
Magic:  7/7        EV:  8    Int:  9    God:
Gold:   155        SH:  0    Dex: 16    Spells: 0 memorised, 6 levels left

rFire  x . .     SeeInvis .       - Unarmed
rCold  + . .     Gourm    .     (no armour)
rNeg   + + +     Faith    .     (no shield)
rPois  ∞         Spirit   .     (no helmet)
rElec  .         Dismiss  .     (no cloak)
rCorr  .         Reflect  .     f - +1 pair of gloves
SustAt .         Harm     .     (no boots)
MR     .....                    (no amulet)
Stlth  +++.......               (no ring)
                                (no ring)

@: not resistant to hostile enchantments, fairly stealthy
A: no food or potions, fire vulnerability, cold resistance 1, negative energy
resistance 3, torment resistance, unbreathing
a: no special abilities


You were on level 6 of the Dungeon.
You were not hungry.

You visited 1 branch of the dungeon, and saw 6 of its levels.

You collected 155 gold pieces.

Inventory:

Armour
 f - a +1 pair of gloves (worn)
Scrolls
 d - a scroll of magic mapping
 g - a scroll of remove curse {unknown}
 h - 3 scrolls of teleportation {unknown}
 i - 2 scrolls of identify {unknown}
Books
 e - a book of the Earth

   Spells                             Type                      Level
   a - Leda's Liquefaction            Hexes/Earth                  4
   b - Bolt of Magma                  Conjuration/Fire/Earth       5
   c - Statue Form                    Transmutation/Earth          6
   d - Iron Shot                      Conjuration/Earth            6
   e - Shatter                        Earth                        9
Comestibles
 b - 7 fruits (quivered)


   Skills:
 - Level 3.0 Fighting
 - Level 2.4 Dodging
 + Level 5.8 Stealth
 + Level 6.3 Unarmed Combat


You had 6 spell levels left.
You didn't know any spells.

Dungeon Overview and Level Annotations

Branches:
Dungeon (6/15)
 Temple: D:4-7

Altars:
Ashenzari
Cheibriados
Okawaru
Ru

Annotations:
D:2 exclusion: 2 gnolls
D:4 Robin
D:5 Scytalen's ghost, amateur DrTm


Innate Abilities, Weirdness & Mutations

You do not eat or drink.
Your flesh is vulnerable to fire.
You are immune to poison.
Your flesh is cold resistant.
You are immune to negative energy.
You are immune to unholy pain and torment.
You can survive without breathing.


Message History

The orc wizard casts a spell at you.
You easily resist.
Read which item? (? for menu, Esc to quit)
As you read the scroll labeled ETROID BAKIEK, it crumbles to dust.
Your hands glow dark orange for a moment.
It was a scroll of random uselessness.
Read which item? (? for menu, Esc to quit)
As you read the scroll labeled TEWOPS BEALUQO, it crumbles to dust.
You feel aware of your surroundings.
You sensed 1 altar.
It was a scroll of magic mapping.
The orc wizard mumbles some strange words.
The orc wizard blinks!
Read which item? (? for menu, Esc to quit)
Okay, then.
A crimson imp comes into view. It is wielding a spear.
The crimson imp shouts!
There is a stone staircase leading up here.
The orc wizard mumbles some strange words.
The orc wizard blinks!
The black bear bites you!
You die...

*,*#.,* #.# **#.#
*,*#..* #.# #...#
*,*#..### #.# *#.#.#
*,*#....# ##.####....#
*#.*#..#.# #.......#..#
*...#..#.###..####...##
*.>.......§...####*.#*
*,,.#....h..o....##.*
****####@#.##......,*
#.#.#####.##** #.#.#
*.# #.#.# *,# * #.#.#
*,* * #5#.# #,* * #.#.#
#.###### *
#.#.#####......###
#.......s..,.....#


You could see a black bear (inner flame), an orc wizard (inner flame) and a
crimson imp.

Vanquished Creatures
  A sky beast (D:4)
  An ogre (D:6)
  A giant frog (D:4)
  4 scorpions
  3 wights (D:6)
  A crimson imp (D:5)
  A hound (D:4)
  Jessica (D:3)
  Terence (D:3)
  2 orc wizards
  2 worker ants
  A hound skeleton (D:5)
  7 adders
  An ooze (D:2)
  An adder skeleton (D:5)
  3 worms
  2 giant geckos
  6 orcs
  A ball python (D:2)
  8 bats
  6 giant cockroaches
  2 hobgoblins
  5 kobolds
  4 quokkas
  A giant gecko skeleton (D:5)
  2 giant newts
  15 goblins
  7 rats
90 creatures vanquished.

Notes
Turn   | Place    | Note
--------------------------------------------------------------
     0 | D:1      | M4edhros the Mummy Monk began the quest for the Orb.
     0 | D:1      | Reached XP level 1. HP: 18/18 MP: 1/1
   356 | D:1      | Reached XP level 2. HP: 12/24 MP: 2/2
   827 | D:2      | Found a shattered altar of Ashenzari.
  1040 | D:2      | Reached XP level 3. HP: 12/29 MP: 3/3
  1624 | D:2      | Reached skill level 4 in Unarmed Combat
  1626 | D:2      | Reached XP level 4. HP: 20/35 MP: 4/4
  1904 | D:2      | Found a sacrificial altar of Ru.
  3163 | D:3      | Reached XP level 5. HP: 17/41 MP: 5/5
  3373 | D:3      | Noticed Jessica
  3386 | D:3      | Killed Jessica
  3460 | D:3      | Noticed Terence
  3488 | D:3      | Killed Terence
  3918 | D:4      | Found an iron altar of Okawaru.
  3945 | D:4      | Noticed Robin
  4324 | D:4      | Reached XP level 6. HP: 28/47 MP: 6/6
  4447 | D:3      | Reached skill level 5 in Unarmed Combat
  5680 | D:5      | Entered Level 5 of the Dungeon
  6526 | D:5      | Found a snail-covered altar of Cheibriados.
  6702 | D:5      | Reached XP level 7. HP: 48/52 MP: 7/7
  7350 | D:4      | Reached skill level 5 in Stealth
  7435 | D:5      | Noticed Scytalen's ghost (amateur DrTm)
  8060 | D:6      | Reached skill level 6 in Unarmed Combat
  9389 | D:6      | Slain by a black bear

Vault maps used:
D:1:      ncdulo_lavacross
D:2:      ashenzari_conservatory_becter, overflow_temple_1_default,
          serial_bayou, serial_bayou_pond_e, serial_bayou_pond_a,
          serial_bayou_shore_a, serial_bayou_crossing
D:3:      uniq_terence, uniq_jessica
D:4:      lemuel_doored_altar, uniq_robin
D:5:      old_standard_altar, first_bread, st_stairs_1
D:6:      nicolae_qazlal_style_of_elements

Action                   |  1- 3 |  4- 6 |  7- 9 || total
-------------------------+-------+-------+-------++-------
Melee: Unarmed           |    80 |   315 |   137 ||   532
  Use: Scroll            |       |     1 |     3 ||     4
 Stab: Sleeping          |     8 |     6 |       ||    14
       Distracted        |       |     1 |       ||     1
